AoeStats
← Darealown

MegaRandom

509729940Analyzed
4v4 RM · 6d ago on Sep 27, 2026· 44m 2s· 8 players
Game mode
Random Map
Map size
Large (8 player)
Population
200
Speed
Normal
Resources
Standard
Victory
Conquest
Starting age
Dark Age
Ending age
Imperial Age
RankedLock teamsTeams togetherTeam positionsShared explorationLock speedFull tech treeHidden civsTurbo modeCheats
Victory
Defeat
🇸🇪 Teutons · Sweden
1411
+13
1409
+13
🇩🇪 Shu · Germany
1389
+14
🇩🇪 Gurjaras · Germany
1363
+14
🇹🇷 Romans · Türkiye
1375
-15
🇹🇷 Malians · Türkiye
1357
-14
🇷🇺 Spanish · Russia
1328
-13
🇹🇷 Tatars · Türkiye
1311
-12
Darealown
6:19 Loom
9:34 Feudal Age
10:41 Double-Bit Axe
12:41 Horse Collar
15:19 Wheelbarrow
17:59 Castle Age
16:18 Gold Mining
17:58 Fletching
18:09 Padded Archer Armor
19:24 Bow Saw
19:47 Bodkin Arrow
20:09 Leather Archer Armor
22:13 Thumb Ring
23:08 Husbandry
24:25 Hand Cart
25:19 Ballistics
33:45 Gold Shaft Mining
33:55 Town Watch
39:14 Imperial Age
37:26 Heavy Plow
37:21 Stone Mining
37:43 Masonry
40:03 Bracer
40:34 Ring Archer Armor
41:07 Chemistry
40:14 Siege Engineers
40:40 Architecture
42:18 Treadmill Crane
43:40 Two-Man Saw
eartahhj | GamingHouse
7:59 Loom
11:19 Feudal Age
12:10 Double-Bit Axe
13:01 Fletching
21:50 Town Watch
25:51 Castle Age
25:54 Crossbowman
26:30 Bodkin Arrow
28:14 Town Patrol
28:34 Bow Saw
30:26 Ballistics
31:07 Wheelbarrow
32:44 Thumb Ring
35:06 Forging
38:34 Hand Cart
46:40 Imperial Age
Squirrel of DEATH
8:54 Feudal Age
7:33 Loom
9:26 Double-Bit Axe
9:44 Horse Collar
18:56 Castle Age
17:45 Bloodlines
17:55 Scale Barding Armor
18:22 Gold Mining
19:02 Forging
20:04 Bow Saw
23:17 Chain Barding Armor
25:02 Wheelbarrow
28:44 Hand Cart
30:48 Heavy Plow
35:01 Imperial Age
35:16 Scale Mail Armor
35:52 Iron Casting
36:21 Plate Barding Armor
36:23 Iron Casting
35:12 Cavalier
38:38 Paladin
40:14 Conscription
41:05 Blast Furnace
Howard Snable
1:01 Loom
9:40 Feudal Age
10:25 Double-Bit Axe
13:19 Fletching
19:17 Castle Age
18:21 Padded Archer Armor
19:55 Bodkin Arrow
19:24 Crossbowman
20:23 Horse Collar
27:09 Ballistics
28:29 Wheelbarrow
28:49 Stone Mining
28:51 Gold Mining
31:12 Scale Barding Armor
31:11 Town Watch
31:42 Hand Cart
32:45 Forging
33:39 Chain Barding Armor
37:15 Imperial Age
35:16 Bloodlines
35:06 Husbandry
36:20 Kshatriyas
37:20 Heavy Camel Rider
38:25 Conscription
38:27 Chain Barding Armor
39:20 Iron Casting
40:07 Plate Barding Armor
43:39 Chemistry
42:50 Masonry
42:44 Bracer
43:02 Bow Saw
43:39 Frontier Guards
klostrofobikköstebek
7:42 Loom
10:22 Feudal Age
13:05 Bloodlines
17:42 Scale Barding Armor
24:02 Castle Age
23:03 Forging
31:11 Wheelbarrow
31:27 Chain Barding Armor
33:04 Iron Casting
32:36 Husbandry
32:47 Bloodlines
39:10 Hand Cart
43:32 Imperial Age
43:34 Heavy Camel Rider
lLuxo
5:07 Loom
10:52 Feudal Age
15:44 Castle Age
14:32 Double-Bit Axe
14:53 Horse Collar
15:25 Stone Mining
21:10 Bow Saw
32:15 Ballistics
40:11 Wheelbarrow
39:22 Town Watch
Tameryig1t
9:15 Feudal Age
10:54 Double-Bit Axe
13:37 Loom
13:58 Fletching
15:42 Padded Archer Armor
19:16 Horse Collar
23:14 Castle Age
23:24 Crossbowman
24:01 Bodkin Arrow
24:34 Leather Archer Armor
28:11 Husbandry
28:21 Bloodlines
30:52 Wheelbarrow
32:08 Ballistics
34:09 Hand Cart
38:32 Bow Saw
Fırtına
9:02 Loom
11:59 Feudal Age
12:29 Double-Bit Axe
18:30 Castle Age
16:27 Horse Collar
17:16 Stone Mining
22:39 Wheelbarrow
22:53 Forging
23:41 Scale Barding Armor
34:58 Chain Barding Armor
35:35 Iron Casting
37:56 Imperial Age
37:26 Gold Mining
37:53 Heavy Plow
39:44 Plate Barding Armor
Connection lost

Rejoining the realm…

Still unreachable

The connection could not be restored.

Session expired

The server has moved on; the page needs a fresh start.